 Dungeon Crawl Stone Soup version 0.22-a0-93-g6b88ebb (webtiles) character file.

611 Faca the Skirmisher (level 7, -6/59 HPs)
             Began as a Formicid Fighter on Jan 24, 2018.
             Was a Believer of Uskayaw.
             Mangled by an ogre
             ... wielding a +0 giant club
              (20 damage)
             ... on level 5 of the Dungeon.
             The game lasted 00:11:57 (4324 turns).

Faca the Skirmisher (Formicid Fighter)              Turns: 4324, Time: 00:11:58

Health: -6/59      AC: 11    Str: 20    XL:     7   Next: 72%
Magic:  7/7        EV:  7    Int:  8    God:    Uskayaw [**....]
Gold:   266        SH:  9    Dex: 12    Spells: 6/6 levels left

rFire    . . .     SeeInvis +   a - +1 war axe
rCold    . . .     Gourm    .   c - +0 shield
rNeg     . . .     Faith    .   b - +0 scale mail
rPois    .         Spirit   .   (helmet unavailable)
rElec    .         Reflect  .   v - +2 cloak
rCorr    +         Harm     .   t - +0 pair of gloves
MR       .....                  (no boots)
Stlth    ..........             (no amulet)
HPRegen  0.19/turn              w - ring of resist corrosion
MPRegen  0.10/turn              (no ring)

@: no status effects
A: permanent stasis, dig shafts and tunnels, four strong arms, antennae 3
a: Dig, Shaft Self, Stomp, Line Pass, Renounce Religion


You were on level 5 of the Dungeon.
You worshipped Uskayaw.
Uskayaw was noncommittal.
You were not hungry.

You visited 1 branch of the dungeon, and saw 5 of its levels.

You collected 266 gold pieces.

Inventory:

Hand Weapons
 a - a +1 war axe (weapon)
 j - a +0 hunting sling
 p - a +0 battleaxe
Missiles
 g - 11 sling bullets
 l - 217 stones (quivered)
Armour
 b - a +0 scale mail (worn)
 c - a +0 shield (worn)
 k - a scarf of resistance
 s - a +0 large shield
 t - a +0 pair of gloves (worn)
 v - a +2 cloak (worn)
Jewellery
 i - an uncursed ring of wizardry
 n - an uncursed ring of flight
 w - a ring of resist corrosion (left hand)
Scrolls
 o - 2 scrolls of enchant weapon
Potions
 d - a potion of might
 e - 2 potions of lignification
 h - a potion of berserk rage {unknown}
 m - a potion of flight
 q - 4 potions of curing
 r - 3 potions of mutation
 u - 3 potions of brilliance
 x - a potion of heal wounds {unknown}
 A - a potion of degeneration {unknown}
 B - a potion of agility {unknown}
Comestibles
 f - 7 rations


   Skills:
 + Level 6.9 Fighting
 + Level 5.8 Axes
 - Level 3.2 Armour
 - Level 3.6 Shields


You had 6 spell levels left.
You didn't know any spells.

Dungeon Overview and Level Annotations

Branches:
Dungeon (5/15)
 Temple: D:4-7

Altars:
Elyvilon
Nemelex Xobeh
Sif Muna
Uskayaw
Vehumet
Wu Jian


Innate Abilities, Weirdness & Mutations

You cannot be hasted, slowed, berserked, paralysed or teleported.
You can dig through walls and to a lower floor.
Your four strong arms can wield two-handed weapons with a shield.
You have a pair of large antennae on your head. (SInv)


Message History

You see here a whip.
You start resting.
You can no longer pass through a line of other dancers.
The ogre shouts!
The ogre hits you with a giant club!
You hit the ogre.
The ogre is lightly wounded.
You block the ogre's attack.
You hit the ogre.
The ogre is moderately wounded.
You block the ogre's attack.
You slash the ogre!
The ogre is severely wounded.
The ogre hits you with a giant club!!
* * * LOW HITPOINT WARNING * * *
You can now pass through a line of other dancers.
You hit the ogre.
The ogre is almost dead.
The ogre hits you with a giant club!!
You die...

#.... ####''####
##........##
#..........##
#.....##.)...##
....g #))....##
...g #.......## ...
#........# ..
##...@...# .
##...O..#
#####..'... .####
#####..'... ......#
##......#...
.......####.......#
..
........##........#
.
#.......##.......##
#......##.[)...##


You could see an ogre.

Vanquished Creatures
  A hippogriff (D:5)
  The ghost of cranach the Grasshopper, an amateur GnWr of Hepliaklqana (D:3)
  An ice beast (D:5)
  A crimson imp (D:4)
  A hound (D:5)
  A worker ant (D:5)
  2 adders
  4 gnolls (D:5)
  An ooze (D:3)
  2 worms (D:3)
  3 dart slugs
  2 leopard geckos
  4 giant cockroaches
  6 goblins
  6 hobgoblins
  9 kobolds
  2 ball pythons
  8 bats
  3 frilled lizards
  9 rats
67 creatures vanquished.

Notes
Turn   | Place    | Note
-------+----------+-------------------------------------------
     0 | D:1      | Faca the Formicid Fighter began the quest for the Orb.
     0 | D:1      | Reached XP level 1. HP: 18/18 MP: 1/1
    98 | D:1      | Reached XP level 2. HP: 24/24 MP: 2/2
   823 | D:1      | Reached XP level 3. HP: 30/30 MP: 3/3
   973 | D:1      | Reached skill level 4 in Fighting
  1867 | D:2      | Found a white marble altar of Elyvilon.
  2161 | D:3      | Reached XP level 4. HP: 36/37 MP: 4/4
  2412 | D:3      | Noticed cranach's ghost (amateur GnWr)
  2477 | D:3      | Killed cranach's ghost
  2477 | D:3      | Reached skill level 5 in Fighting
  2477 | D:3      | Reached XP level 5. HP: 26/44 MP: 5/5
  2477 | D:3      | Reached XP level 6. HP: 30/51 MP: 6/6
  3018 | D:4      | Found a sparkling altar of Nemelex Xobeh.
  3129 | D:4      | Got a distressingly furry robe
  3140 | D:4      | Identified the +2 robe of Qozaant {Stlth+} (You found it on level 4 of the Dungeon)
  3552 | D:4      | Found an ornate altar of the Wu Jian Council.
  3552 | D:4      | Found a radiant altar of Vehumet.
  3557 | D:4      | Found a faded altar of an unknown god.
  3559 | D:4      | Found a hide-covered altar of Uskayaw.
  3560 | D:4      | Found a deep blue altar of Sif Muna.
  3564 | D:4      | Became a worshipper of Uskayaw the Reveler
  3691 | D:5      | Entered Level 5 of the Dungeon
  3691 | D:5      | Noticed a hippogriff
  3697 | D:5      | Reached * piety under Uskayaw
  3702 | D:5      | Reached ** piety under Uskayaw
  3705 | D:5      | Killed a hippogriff
  3705 | D:5      | Reached skill level 6 in Fighting
  3705 | D:5      | Reached skill level 5 in Axes
  3705 | D:5      | Reached XP level 7. HP: 12/58 MP: 7/7
  3705 | D:5      | Reached *** piety under Uskayaw
  4324 | D:5      | Mangled by an ogre

Vault maps used:
D:1:      dpeg_arrival_morbid_curiosity, serial_co_window_serial,
          co_window_corner_a, co_window_of_opportunity_a, co_window_corner_a,
          co_window_paths_a, co_window_corner_a, co_window_broadway_c,
          co_window_corner_b, co_window_unsneaky_path_d, co_window_2corner,
          co_window_corner_b, co_window_4corner_a, glass_columns_a
D:2:      minmay_misc_feat_rows, elyvilon_altar_1
D:4:      chequers_temple_overflow_minitemple,
          nemelex_xobeh_ov_fountains_minmay, first_ration
D:5:      kennysheep_cross_room, minmay_misc_feat_pillars,
          minmay_strange_pillars, st_stairs_6

Skill      XL: |  1  2  3  4  5  6 |
---------------+-------------------+-----
Fighting       | 4 5 6 |  6.9
Axes           | 3 4 5 |  5.8
Armour         | |  3.2
Shields        | |  3.6

Action                   |  1- 3 |  4- 6 |  7- 9 || total
-------------------------+-------+-------+-------++-------
Melee: War axe           |   135 |   107 |    43 ||   285
  Use: Scroll            |     6 |     2 |     2 ||    10
 Stab: Paralysed         |       |       |     1 ||     1
  Eat: Chunk             |     3 |       |       ||     3
       Ration            |     1 |     1 |     1 ||     3
Armor: Scale mail        |    79 |    51 |    19 ||   149
Dodge: Dodged            |    40 |    31 |    13 ||    84
Block: Shield            |    86 |    69 |    18 ||   173

Table legend:
 A = Spawn XP
 B = Non-spawn XP
 C = Spawn XP percentage of total XP
 D = Spawn monster count
 E = Non-spawn monster count
 F = Spawn count percentage of total count
 G = Total turns spent on level
                    A         B        C        D         E        F      G
               +---------+---------+-------+---------+---------+-------+---------
         Total |       0 |     874 |   0.0 |       0 |      67 |   0.0 |  4324
               +---------+---------+-------+---------+---------+-------+---------
           D:1 |       0 |      41 |   0.0 |       0 |      24 |   0.0 |  1422
           D:2 |       0 |      21 |   0.0 |       0 |      14 |   0.0 |   754
           D:3 |       0 |     230 |   0.0 |       0 |      18 |   0.0 |   802
           D:4 |       0 |      60 |   0.0 |       0 |       3 |   0.0 |   952
           D:5 |       0 |     522 |   0.0 |       0 |       8 |   0.0 |   394
               +---------+---------+-------+---------+---------+-------+---------
